 Dungeon Crawl Stone Soup version 0.24.0-13-gcf9b319 (webtiles) character file.

Game seed: 16289306727062780937, levelgen mode: deterministic

84241 Fang the Fighter (level 15, -48/100 HPs)
             Began as a Gargoyle Berserker on Dec 12, 2019.
             Was the Champion of Trog.
             Annihilated by a titanic slime creature (87 damage)
             ... on level 15 of the Dungeon.
             The game lasted 00:22:56 (18013 turns).

Fang the Fighter (Gargoyle Berserker)              Turns: 18013, Time: 00:22:56

Health: -48/100    AC: 32    Str: 28    XL:     15   Next: 79%
Magic:  15/15      EV: 12    Int:  4    God:    Trog [******]
Gold:   1741       SH:  6    Dex:  9    Spells: 14/14 levels left

rFire    + . .     SeeInvis +   a - +8 broad axe (vamp)
rCold    . . .     Gourm    .   B - +0 buckler
rNeg     + . .     Faith    .   b - +3 plate armour
rPois    ∞         Spirit   .   (no helmet)
rElec    +         Reflect  .   (no cloak)
rCorr    +         Harm     .   (no gloves)
MR       ++...                  I - +0 pair of boots of Death Resistance {rCorr Int-3 SInv}
Stlth    ..........             x - amulet of regeneration
HPRegen  0.66/turn              q - ring of protection from fire
MPRegen  0.14/turn              g - ring of protection from magic

@: flying
A: big wings, negative energy resistance 1, electricity resistance, unbreathing,
petrification resistance, rot immunity, AC +11
a: Stop Flying, Berserk, Trog's Hand, Brothers in Arms, Renounce Religion


You were on level 15 of the Dungeon.
You worshipped Trog.
Trog was exalted by your worship.
You were hungry.

You visited 5 branches of the dungeon, and saw 24 of its levels.
You also visited: Gauntlet.

You collected 1806 gold pieces.
You spent 65 gold pieces at shops.

Inventory:

Hand Weapons
 a - a +8 vampiric broad axe (weapon)
 A - a +2 broad axe of chopping
 J - a +3 antimagic broad axe
Armour
 b - a +3 plate armour (worn)
 B - a +0 buckler (worn)
 I - the +0 pair of boots of Death Resistance (worn) {rCorr Int-3 SInv}
   (You found it in a Gauntlet)

   It affects your intelligence (-3).
   It lets you see invisible.
   It provides partial protection from all sources of acid and corrosion.
Jewellery
 g - a ring of protection from magic (right hand)
 j - a +3 ring of strength
 n - an uncursed ring of resist corrosion
 q - a ring of protection from fire (left hand)
 w - an uncursed amulet of the gourmand
 x - an amulet of regeneration (around neck)
 G - an uncursed amulet of guardian spirit
Wands
 f - a wand of disintegration (12)
 y - a wand of clouds (3)
 z - a wand of random effects (32)
 C - a wand of digging (5)
 E - a wand of paralysis (6)
 F - a wand of flame (9)
 L - a wand of iceblast (8)
Scrolls
 k - 5 scrolls of identify
 m - 8 scrolls of remove curse
 r - 4 scrolls of fog
 s - 5 scrolls of teleportation
 t - a scroll of silence
 H - 2 scrolls of magic mapping
Potions
 d - 10 potions of curing
 e - 8 potions of heal wounds
 h - 3 potions of berserk rage
 i - 3 potions of resistance
 l - 3 potions of cancellation
 p - 4 potions of might
 u - a potion of haste
 v - 2 potions of mutation
 K - 3 potions of invisibility
Comestibles
 c - 35 rations
 o - 5 chunks of flesh


   Skills:
 + Level 13.8 Fighting
 + Level 11.9 Axes
 + Level 13.7 Armour
 + Level 10.9 Dodging
 + Level 12.6 Shields


You had 14 spell levels left.
You didn't know any spells.
Your spell library was empty.

Dungeon Overview and Level Annotations

Branches:
Dungeon (15/15)            Temple (1/1) D:6            Lair (6/6) D:10
 Shoals (0/4) Lair:4        Snake (1/4) Lair:2        Slime (0/5) Lair:5
    Orc (1/2) D:11         Vaults (0/5) D:13        Gauntlet (visited)
 Depths: D:15

Altars:
Ashenzari
Elyvilon
Hepliaklqana
Makhleb
Nemelex Xobeh
Trog
Uskayaw
Zin
The Shining One
Jiyva

Shops:
D:6 [   D:7 !?}   D:9 !

Annotations:
D:10 1 runed translucent door
D:14 1 runed translucent door, Ruicvam's ghost, adept GrEE
Lair:3 3 runed translucent doors, Gevorchiy's ghost, journeyman MiBe


Innate Abilities, Weirdness & Mutations

You are resistant to torment.
Your stone body is resilient. (AC +11)
You are immune to poison.
Your large and strong wings let you fly indefinitely.
You resist negative energy. (rN+)
You are resistant to electric shocks. (rElec)
You can survive without breathing.
You are immune to petrification.
You are immune to rotting.


Message History

You are too injured to fight recklessly!
You are too injured to fight recklessly!
You are too injured to fight recklessly!
You are too injured to fight recklessly!
You are too injured to fight recklessly!
You are too injured to fight recklessly!
You are too injured to fight recklessly!
You are too injured to fight recklessly!
You are too injured to fight recklessly!
You are too injured to fight recklessly!
You are too injured to fight recklessly!
You are too injured to fight recklessly!
Your stone giant goes berserk!
You are feeling hungry.
The yak barely misses you.
The deep troll earth mage bites you but does no damage.
The deep troll earth mage claws you but does no damage. x2
The titanic slime creature hits you!!!!
Ouch! That really hurt!
You die...

#.........)††......
#..#.#.#.#.........
#..................
#.###..............
#..................
#####..............
##.....#####.......
#......C...###.....
#...####@Y....#..
#..##.CJT†....#
#..#...CJ###...# ..
#..##.. ..# #.. ..}
.# ... .... # #..
...# #.. ...##


You could see an ettin, a titanic slime creature, a slime creature shaped
shifter, a cyclops, a deep troll earth mage, a yak shaped shifter and a friendly
stone giant (berserk).

Vanquished Creatures
  Rupert (D:14)
  A minotaur (Gauntlet)
  Harold (D:7)
  4 vault guards (D:13)
  A fire dragon (D:15)
  3 rakshasas (D:15)
  A catoblepas (D:13)
  2 hydras
  A merfolk avatar (Lair:6)
  2 centaur warriors
  6 two-headed ogres
  4 death yaks (Lair:6)
  Urug (D:10)
  A skeletal warrior (D:13)
  A death drake (Gauntlet)
  A sea snake (Lair:6)
  An unseen horror (D:10)
  3 wizards
  A wolf spider zombie (Gauntlet)
  20 ugly things
  5 deep elf magi
  3 manticores
  A spectral centaur (Gauntlet)
  4 cyclopes
  Joseph (D:10)
  7 elephants
  6 rime drakes
  3 gargoyles
  14 spiny frogs
  6 komodo dragons
  3 kobold demonologists
  A freezing wraith (D:15)
  6 polar bears (Lair:6)
  5 trolls
  3 meliai (D:15)
  2 hornets
  A hippogriff (shapeshifter) (D:14)
  3 blink frogs (Lair:6)
  8 slime creatures
  5 dream sheep (Lair:2)
  7 hippogriffs
  A centaur simulacrum (D:15)
  2 shadows
  A wraith (D:12)
  4 water elementals (D:13)
  47 yaks
  2 vampires
  3 wyverns
  4 basilisks
  3 vampire mosquitoes
  2 wargs (D:11)
  2 acid dragons
  21 water moccasins
  Duvessa (D:7)
  9 soldier ants
  7 porcupines
  7 orc warriors
  A floating eye (shapeshifter) (D:15)
  6 ice beasts
  4 black bears
  4 phantoms
  6 sky beasts
  4 ogres
  10 wolves (Lair:4)
  18 crocodiles
  22 centaurs
  24 bullfrogs
  2 big kobolds
  Dowan (D:7)
  A water moccasin zombie (D:9)
  A wyvern skeleton (D:14)
  6 scorpions
  15 killer bees
  16 wights
  8 howler monkeys
  7 crimson imps
  A centaur zombie (D:5)
  A quasit (D:13)
  3 bullfrog zombies
  13 hounds
  6 orc priests
  3 jellies
  4 centaur skeletons
  15 orc wizards
  3 bullfrog skeletons
  Jessica (D:3)
  7 iguanas
  19 worker ants
  2 killer bee zombies
  2 hound skeletons (D:4)
  A worker ant zombie (D:10)
  7 gnolls
  A howler monkey skeleton (D:5)
  19 adders
  7 shadow imps
  2 white imps (Gauntlet)
  An ooze (D:2)
  3 adder zombies
  An adder skeleton (D:5)
  4 worms
  2 leopard geckos
  53 orcs
  2 ball pythons
  4 giant cockroaches
  7 goblins
  6 hobgoblins
  4 jackals (D:8)
  3 quokkas
  4 bats
  2 frilled lizards
  17 kobolds
  A leopard gecko skeleton (D:4)
  A leopard gecko zombie (D:5)
  A quokka skeleton (D:6)
  7 rats
  3 fungi
665 creatures vanquished.

Vanquished Creatures (others)
  A hippogriff (D:10)
  10 fungi (Lair:6)
  12 plants (Lair:6)
  A withered plant (Gauntlet)
24 creatures vanquished.

Grand Total: 689 creatures vanquished

Notes
Turn   | Place    | Note
-------+----------+-------------------------------------------
     0 | D:1      | Fang the Gargoyle Berserker began the quest for the Orb.
     0 | D:1      | Reached XP level 1. HP: 14/14 MP: 1/1
   251 | D:1      | Reached XP level 2. HP: 19/19 MP: 2/2
   789 | D:2      | Reached XP level 3. HP: 7/23 MP: 3/3
  1089 | D:2      | Reached XP level 4. HP: 16/29 MP: 4/4
  1858 | D:3      | Reached ** piety under Trog
  1892 | D:3      | Found a glowing silver altar of Zin.
  2002 | D:3      | Reached XP level 5. HP: 30/33 MP: 5/5
  2132 | D:3      | Noticed Jessica
  2148 | D:3      | Killed Jessica
  2433 | D:3      | Noticed an ogre
  2440 | D:3      | Killed an ogre
  2440 | D:3      | Reached XP level 6. HP: 35/39 MP: 6/6
  2677 | D:4      | Noticed a phantom
  2743 | D:4      | Killed a phantom
  2762 | D:4      | Reached skill level 5 in Fighting
  2763 | D:4      | Reached XP level 7. HP: 44/44 MP: 7/7
  3137 | D:4      | Reached skill level 5 in Armour
  3439 | D:4      | Reached *** piety under Trog
  3442 | D:4      | Reached XP level 8. HP: 51/51 MP: 8/8
  3628 | D:4      | Reached skill level 5 in Axes
  3798 | D:4      | Found a white marble altar of Elyvilon.
  3836 | D:4      | Found a glowing golden altar of the Shining One.
  3886 | D:5      | Entered Level 5 of the Dungeon
  4228 | D:5      | Found a hazy altar of Hepliaklqana.
  4490 | D:6      | Reached skill level 1 in Shields
  4540 | D:6      | Reached XP level 9. HP: 43/56 MP: 9/9
  4672 | D:6      | Found Diasuhas's Armour Shop.
  4851 | D:6      | Found a burning altar of Makhleb.
  4937 | D:6      | Found a staircase to the Ecumenical Temple.
  4942 | D:6      | Reached skill level 5 in Dodging
  4972 | Temple   | Entered the Ecumenical Temple
  5404 | D:7      | Found Hek Lein's Magic Scroll Boutique.
  5473 | D:7      | Noticed Duvessa
  5480 | D:7      | Noticed Dowan
  5491 | D:7      | Killed Duvessa
  5503 | D:7      | Killed Dowan
  5537 | D:7      | Found a sparkling altar of Nemelex Xobeh.
  5622 | D:7      | Noticed Harold
  5702 | D:7      | Killed Harold
  5710 | D:7      | Reached XP level 10. HP: 54/64 MP: 10/10
  5786 | D:7      | Found Deymuw's Gadget Boutique.
  5998 | D:7      | Found Okiukoh's Distillery.
  6006 | D:7      | Bought a potion of heal wounds for 65 gold pieces
  6281 | D:8      | Found a shattered altar of Ashenzari.
  6760 | D:8      | Reached skill level 5 in Shields
  7147 | D:9      | Identified a scroll of acquirement
  7263 | D:9      | Noticed a two-headed ogre
  7268 | D:9      | Noticed a two-headed ogre
  7272 | D:9      | Killed a two-headed ogre
  7277 | D:9      | Killed a two-headed ogre
  7355 | D:9      | Reached **** piety under Trog
  7415 | D:9      | Found a bloodstained altar of Trog.
  7462 | D:9      | Reached XP level 11. HP: 71/71 MP: 11/11
  7866 | D:9      | Found Axadeic's Distillery.
  7963 | D:10     | Entered Level 10 of the Dungeon
  7963 | D:10     | Noticed Urug
  7965 | D:10     | Noticed a two-headed ogre
  8034 | D:10     | Killed a two-headed ogre
  8039 | D:10     | Killed Urug
  8169 | D:10     | Found a runed translucent gate.
  8175 | D:10     | Found the +9 staff of Olgreb {rPois}
  8178 | D:10     | Found a runed translucent door.
  8354 | D:10     | Found a staircase to the Lair.
  8444 | D:10     | Killed an unseen horror
  8585 | D:10     | Found a runed translucent door.
  8591 | D:10     | Found a runed translucent gate.
  8591 | D:10     | Found a runed translucent gate.
  8876 | D:10     | Reached skill level 10 in Fighting
  8939 | D:10     | Reached ***** piety under Trog
  8972 | D:11     | Noticed a brown ugly thing
  8983 | D:11     | Killed a brown ugly thing
  8986 | D:11     | Reached XP level 12. HP: 77/77 MP: 12/12
  9104 | D:11     | Reached skill level 10 in Armour
  9108 | D:11     | Received a gift from Trog
  9256 | D:11     | Found a staircase to the Orcish Mines.
 10055 | Lair:1   | Entered Level 1 of the Lair of Beasts
 10982 | Lair:2   | Found a staircase to the Snake Pit.
 11288 | Snake:1  | Entered Level 1 of the Snake Pit
 11293 | Snake:1  | Noticed a shock serpent
 11324 | Lair:3   | Received a gift from Trog
 11403 | Lair:3   | Reached XP level 13. HP: 65/84 MP: 13/13
 11583 | Lair:3   | Found a runed translucent gate.
 11583 | Lair:3   | Found a runed translucent gate.
 11583 | Lair:3   | Found a runed translucent gate.
 11591 | Lair:3   | Noticed Gevorchiy's ghost (journeyman MiBe)
 11909 | Lair:3   | Found a viscous altar of Jiyva.
 12181 | Lair:4   | Found a staircase to the Shoals.
 12921 | Lair:5   | Reached skill level 10 in Axes
 13105 | Lair:5   | Reached skill level 10 in Shields
 13357 | Lair:5   | Found a viscous altar of Jiyva.
 13357 | Lair:5   | Found a staircase to the Slime Pits.
 13498 | Lair:6   | Entered Level 6 of the Lair of Beasts
 13894 | Lair:6   | Found a gate leading to a gauntlet.
 13915 | Lair:6   | Gained mutation: Your large and strong wings let you fly
                  | indefinitely. [Gargoyle growth]
 13915 | Lair:6   | Reached XP level 14. HP: 92/92 MP: 14/14
 13924 | Gauntlet | Entered a Gauntlet
 13924 | Gauntlet | Found a transporter.
 13924 | Gauntlet | Found a transporter.
 13924 | Gauntlet | Found a transporter.
 13924 | Gauntlet | Found a transporter.
 13977 | Gauntlet | Found a transporter.
 13987 | Gauntlet | Found a transporter.
 14087 | Gauntlet | Received a gift from Trog
 14119 | Gauntlet | Got a pair of smoking boots
 14125 | Gauntlet | Identified the cursed +0 pair of boots of Death Resistance
                  | {rCorr Int-3 SInv} (You found it in a Gauntlet)
 14128 | Gauntlet | Found a transporter.
 14182 | Gauntlet | Identified the Grimoire of the Ashen Volcanoes
 14182 | Gauntlet | Identified Bewokom's Papyrus of Mutagenic Contamination
 14848 | D:10     | Noticed Joseph
 14863 | D:10     | Killed Joseph
 14916 | Orc:1    | Entered Level 1 of the Orcish Mines
 15161 | D:12     | Reached ****** piety under Trog
 15207 | D:12     | Reached skill level 10 in Dodging
 15670 | D:13     | Found a gate to the Vaults.
 15736 | D:13     | Received a gift from Trog
 15882 | D:13     | Reached XP level 15. HP: 98/98 MP: 15/15
 16346 | D:14     | Found a runed translucent door.
 16348 | D:14     | Noticed Ruicvam's ghost (adept GrEE)
 16348 | D:14     | Noticed a sphinx
 16772 | D:14     | Noticed Rupert
 16785 | D:14     | Killed Rupert
 16969 | D:14     | Received a gift from Trog
 17375 | D:15     | Entered Level 15 of the Dungeon
 18013 | D:15     | Annihilated by a titanic slime creature

Levels and vault maps discovered:
D:1:      dpeg_arrival_refuge, layout_basic, st_stairs_8
D:2:      layout_basic, st_stairs_2
D:3:      layout_loops_cross, lemuel_round_altar, uniq_jessica
D:4:      minmay_clustersquares, layout_basic, nicolae_overflow_crystal_walls,
          tso_altar, wad_rectangle_vault
D:5:      layout_rooms, lemuel_round_altar, first_ration
D:6:      layout_loops_ring, lightli_temple_of_fire,
          minmay_temple_entry_statues_fountains, minmay_liquid_box,
          kennysheep_diamond
D:7:      layout_loops_ring, basic_altar, serial_shops, nicolae_shop_crystal,
          shop_statue, shop, uniq_duvessa, uniq_harold
D:8:      minmay_evil_eye, layout_loops_ring, evilmike_ruin_ashenzari,
          st_stairs_14
D:9:      kennysheep_ambush_hall, layout_basic, old_standard_altar,
          serial_shops, kennysheep_mini_moat, grunt_pizzeria
D:10:     minmay_four_partial_circles, layout_irregular_city, lair_entry_dummy,
          nrook_mini_backslash, minmay_guarded_unrand_staff_of_olgreb,
          uniq_urug, uniq_joseph
D:11:     layout_cave_pods, erik_orc_3, serial_park, item_on_display_a
D:12:     layout_basic, minmay_misc_feat_pillars
D:13:     layout_roguey, lightli_vaults_fourway_checkpoint,
          nicolae_underground_beach
D:14:     layout_loops_ring, dk_noncrumbling_4, ebering_ghost_inner_flame,
          uniq_rupert
D:15:     grunt_enter_depths_hoard, layout_basic, serial_glass, glass_columns_a,
          glass_columns_b, glass_columns_c, glass_columns_a, glass_columns_b,
          glass_columns_b, minmay_misc_feat_chi, minmay_radiant
Temple:   regret_index_temple_waves
Lair:1:   layout_long_grid, grunt_megastairs_4, infiniplex_staircase_pool_2
Lair:2:   layout_hall_layers, dummy_snake_entry
Lair:3:   layout_long_grid, gammafunk_ghost_ooze, serial_bayou_shore_a
Lair:4:   layout_roguey, shoals_dummy_entry
Lair:5:   layout_cave_pods, dpeg_slime_entry_enclosed_altar
Lair:6:   gammafunk_lair_ancient_temple, layout_misc_corridors,
          gauntlet_entry_generic
Snake:1:  layout_chambers, drop_trap, uniq_jorgrun
Orc:1:    layout_diamond_mine, serial_shops, nicolae_shop_behind_doors,
          nicolae_orc_lost_temple

Skill      XL: |  1  2  3  4  5  6  7  8  9 10 11 12 13 14 15 |
---------------+----------------------------------------------+-----
Axes           | 3 4 5 6 7 8 9 10 11 | 11.9
Dodging        | 2 3 4 5 6 7 8 9 10 | 10.9
Armour         | 3 4 5 6 7 8 9 11 12 13 | 13.7
Fighting       | 4 5 6 8 9 10 11 12 13 | 13.8
Shields        | 1 4 6 7 9 10 11 12 | 12.6

Action                   |  1- 3 |  4- 6 |  7- 9 | 10-12 | 13-15 || total
-------------------------+-------+-------+-------+-------+-------++-------
Melee: Hand axe          |    65 |   202 |   453 |       |       ||   720
       War axe           |       |       |   135 |   129 |       ||   264
       Broad axe         |       |       |       |   464 |  1030 ||  1494
Invok: Berserk           |     2 |     3 |     5 |     6 |     8 ||    24
       Trog's Hand       |       |       |     4 |     2 |     2 ||     8
       Brothers in Arms  |       |       |       |       |     1 ||     1
 Abil: Fly               |       |       |       |       |     1 ||     1
  Use: Potion            |       |       |     1 |       |     1 ||     2
       Scroll            |       |       |       |    28 |    14 ||    42
  Eat: Chunk             |     2 |     7 |    16 |    19 |    31 ||    75
       Ration            |       |       |     1 |     2 |       ||     3
Armor: Animal skin       |    23 |     3 |       |       |       ||    26
       Plate armour      |       |   138 |   454 |   539 |   893 ||  2024
Dodge: Dodged            |    38 |    69 |   243 |   360 |   618 ||  1328
Block: Buckler           |       |       |    48 |   201 |   357 ||   606
